 Dungeon Crawl Stone Soup version 0.28-a0-410-gbef64dd269 (webtiles) character file.

Game seed: 10925139246796132092

30 toffzen the Slasher (level 3, -5/33 HPs)
             Began as a Minotaur Cinder Acolyte on Sept 6, 2021.
             Was a High Priest of Ignis.
             Slain by a gnoll (9 damage)
             ... on level 1 of the Dungeon.
             The game lasted 00:03:46 (1396 turns).

toffzen the Slasher (Minotaur Cinder Acolyte)       Turns: 1396, Time: 00:03:47

Health: -5/33      AC: 18    Str: 19    XL:     3   Next: 5%
Magic:  3/3        EV:  5    Int: 11    God:    Ignis [*****.]
Gold:   73         SH:  0    Dex:  5    Spells: 4/4 levels left

rFire   + . .      SeeInvis .   h - +2 dagger (protect)
rCold   . . .      Faith    .   (no shield)
rNeg    . . .      Spirit   .   j - +0 plate armour
rPois   .          Reflect  .   (helmet restricted)
rElec   .          Harm     .   (no cloak)
rCorr   .          Rampage  .   k - +0 pair of gloves
Will    .....                   (no boots)
Stlth   ..........              (no amulet)
HPRegen 0.11/turn               (no ring)
MPRegen 0.08/turn               (no ring)

@: under a protective aura
A: horns 2, retaliatory headbutt
a: Renounce Religion, Sea of Fire, Foxfire Swarm, Rising Flame


You were on level 1 of the Dungeon.
You worshipped Ignis.
Ignis was extremely pleased with you.
You visited 1 branch of the dungeon, and saw 2 of its levels.

You collected 73 gold pieces.

Inventory:

Hand Weapons
 a - a -1 falchion of flaming
 h - a +2 dagger of protection (weapon)
 i - a +1 mace of protection
Missiles
 c - 67 stones (quivered)
 l - 12 poisoned darts
Armour
 b - a scarf of harm
 j - a +0 plate armour (worn)
 k - a +0 pair of gloves (worn)
Scrolls
 d - a scroll of amnesia {unknown}
 f - 2 scrolls of identify {unknown}
Potions
 e - 2 potions of curing {unknown}
 g - a potion of flight {unknown}


   Skills:
 + Level 4.0 Fighting
 * Level 4.3 Long Blades
 + Level 1.2 Armour
 + Level 1.1 Dodging
 - Level 1.0 Spellcasting
 - Level 2.1 Fire Magic


You had 4 spell levels left.
You didn't know any spells.
Your spell library contained the following spells:

 Spells                   Type           Power      Damage    Failure   Level
 Animate Skeleton         Necr           0%         N/A       100%        1
 Apportation              Tloc           0%         N/A       100%        1
 Summon Small Mammal      Summ           0%         N/A       100%        1
 Scorch                   Fire           10%        2d6       100%        2


Dungeon Overview and Level Annotations

Branches:
Dungeon (2/15)

Altars:


Innate Abilities, Weirdness & Mutations

You have a pair of horns on your head.
You reflexively headbutt those who attack you in melee.


Message History

The gnoll hits you but does no damage. The gnoll hits you but does no damage.
There is a stone staircase leading up here.
The gnoll hits you with a +0 spear. The gnoll hits you with a +0 flail!
You climb upwards.
There is a stone staircase leading down here.
You hit the gnoll.
Your weapon exudes an aura of protection.
The gnoll is moderately wounded.
The gnoll hits you with a +0 spear! The gnoll hits you with a +0 flail!
You hit the gnoll.
The gnoll is heavily wounded.
The gnoll hits you but does no damage. x2
Okay, then.
Okay, then.
Flames leap up around you! The gnoll barely misses you.
The gnoll hits you but does no damage.
You closely miss the gnoll.
The gnoll is heavily wounded.
The foxfire hits the gnoll.
The gnoll is severely wounded.
The foxfire hits the gnoll.
The gnoll is moderately wounded.
The gnoll hits you but does no damage. The gnoll barely misses you.
You hit the gnoll.
The gnoll is severely wounded.
The gnoll hits you but does no damage.
You hit the gnoll but do no damage.
The gnoll is severely wounded.
The gnoll hits you but does no damage. x2
You barely miss the gnoll.
The gnoll is severely wounded.
The gnoll hits you with a +0 flail.
* * * LOW HITPOINT WARNING * * *
Your plate armour prevents you from hitting the gnoll.
The gnoll is severely wounded.
The gnoll hits you with a +0 spear.
* * * LOW HITPOINT WARNING * * *
The gnoll hits you with a +0 flail!
You die...

#.#......#.# #.########## #####
#.###.##.#.# #..........# #....
#.#.....>#.# ##########.# #.###
#.#.#..###.# #.# #.# #.#.#..#
#.############.# #.# #.#.##.#
#............#.# #.# #.#....#
############.#.# #.#
#.###################.#.# #.#
#..............g@g....#.# #.#
#######################.#####.#
#.......# #.####### ###


You could see 2 gnolls.

Vanquished Creatures
  An adder (D:2)
  A dart slug (D:1)
  A bat (D:1)
  2 giant cockroaches
  A goblin (D:1)
  2 hobgoblins
  A quokka (D:1)
  3 ball pythons (D:1)
  2 frilled lizards
  3 kobolds (D:2)
  3 rats
20 creatures vanquished.

Vanquished Creatures (others)
  2 foxfires (D:1)
2 creatures vanquished.

Grand Total: 22 creatures vanquished

Notes
Turn   | Place    | Note
-------+----------+-------------------------------------------
     0 | D:1      | toffzen the Minotaur Cinder Acolyte began the quest for the
                  | Orb.
     0 | D:1      | Reached XP level 1. HP: 19/19 MP: 1/1
   191 | D:1      | Upgraded the game from 0.28-a0-407-g69098e2f6d to
                  | 0.28-a0-410-gbef64dd269
   423 | D:1      | Reached XP level 2. HP: 27/27 MP: 2/2
   751 | D:1      | You fall into a shaft and drop 1 floor!
  1018 | D:2      | Reached skill level 1 in Armour
  1139 | D:2      | Reached skill level 1 in Dodging
  1139 | D:2      | Reached XP level 3. HP: 28/33 MP: 3/3
  1396 | D:1      | Slain by a gnoll

Illustrated notes

Levels and vault maps discovered:
D:1:      minmay_arrival_five_plusses, layout_basic
D:2:      layout_loops_cross, minmay_tripent

Skill      XL: |  1  2  3 |
---------------+----------+-----
Long Blades    | 4 |  4.3
Armour         | 1 |  1.2
Dodging        | 1 |  1.1
Fighting       | 4 |  4.0
Spellcasting   | |  1.0
Fire Magic     | |  2.1

Action                   || total
-------------------------++-------
Melee: Falchion          ||    35
       Dagger            ||    27
       Headbutt          ||     2
Throw: Stone             ||     5
Invok: Sea of Fire       ||     1
       Foxfire Swarm     ||     1
Armor: Robe              ||    14
       Plate armour      ||    10
Dodge: Dodged            ||    26

Table legend: (Time is in decaauts)
 A = Elapsed time spent in this place.
 B = Non-inter-level travel time spent in this place.
 C = Inter-level travel time spent in this place.
 D = Time resting spent in this place.
 E = Time spent auto-exploring this place.
 F = Levels seen in this place.
 G = Mean time per level.
                   A        B        C        D        E       F      G
               +--------+--------+--------+--------+--------+-----+--------+
         Total |   1398 |   1266 |    132 |    419 |    578 |   2 |  699.0 |
       Dungeon |   1398 |   1266 |    132 |    419 |    578 |   2 |  699.0 |
               +--------+--------+--------+--------+--------+-----+--------+

Top non-repeatable levels by time:
     D:1: 897 daAuts
     D:2: 500 daAuts
